 Dungeon Crawl Stone Soup version 0.31-a0-1616-gbeaec30b81 (webtiles) character file.

Game seed: 7287512497115693429

247 LeprechaunX the Changeling (level 6, 0/41 HPs)
             Began as an Octopode Shapeshifter on Jan 10, 2024.
             Was an Initiate of Hepliaklqana.
             Slain by an orc wizard
             ... wielding a +0 dagger
              (3 damage)
             ... on level 4 of the Dungeon.
             The game lasted 00:03:57 (2897 turns).

LeprechaunX the Changeling (Octopode Shapeshifter)  Turns: 2897, Time: 00:03:57

Health: 0/41       AC:  1    Str: 13    XL:     6   Next: 11%
Magic:  15/15      EV: 14    Int: 12    God:    Hepliaklqana [......]
Gold:   159        SH:  0    Dex: 14    Spells: 5/5 levels left

rFire   . .          .
                       - Unarmed
rCold   + . .        (no shield)
rNeg    . . .        (helmet currently unavailable)
rPois   .            d - amulet of magic regeneration
rElec   .            n - ring of protection from cold
rCorr   .            p - ring of magical power
SInv    .            (no ring)
Will    .....        (no ring)
Stlth   ++           (no ring)
HPRegen 0.26/turn    (no ring)
MPRegen 0.54/turn    (no ring)
                     (no ring)

%: no passive effects
@: beast-form
A: beast (slay +2), almost no armour, amphibious, 8 rings, camouflage 1,
gelatinous body 1, (nimble swimmer 1), tentacles
a: Begin Untransformation, Renounce Religion


You were on level 4 of the Dungeon.
You worshipped Hepliaklqana.
Hepliaklqana was noncommittal.
You were a hulking beast.
You visited 2 branches of the dungeon, and saw 5 of its levels.

You collected 159 gold pieces.

Inventory:

Hand Weapons
 a - a +0 sling
Jewellery
 d - an amulet of magic regeneration (around mantle)
 n - a ring of protection from cold (left tentacle)
 p - a ring of magical power (right tentacle)
 t - a +6 ring of intelligence
Talismans
 b - a beast talisman
 c - a flux talisman
 l - a dragon-blood talisman
Scrolls
 e - a scroll of butterflies {unknown}
 j - 3 scrolls of identify {unknown}
 o - 3 scrolls of teleportation {unknown}
 s - a scroll of brand weapon {unknown}
Potions
 f - 3 potions of heal wounds {unknown}
 g - 2 potions of mutation {unknown}
 h - a potion of haste {unknown}
 i - 2 potions of attraction {unknown}
 k - a potion of might {unknown}
 m - a potion of curing {unknown}
 q - 2 potions of lignification
 r - 2 potions of degeneration {unknown}


   Skills:
 + Level 2.7 Fighting
 + Level 3.1 Dodging
 + Level 3.9 Unarmed Combat
 * Level 4.5 Shapeshifting


You had 5 spell levels left.
You didn't know any spells.
Your spell library contained the following spells:

 Spells                   Type           Power      Damage    Failure   Level
 Apportation              Tloc           0%         N/A       32%         1
 Kiss of Death            Conj/Necr      0%         2d5       32%         1
 Jinxbite                 Hex            0%         N/A       45%         2
 Confusing Touch          Hex            0%         N/A       69%         3
 Dispel Undead            Necr           0%         3d6       97%         4
 Alistair's Intoxication  Alch           0%         N/A       100%        5


Dungeon Overview and Level Annotations

Branches:
Dungeon (4/15)             Temple (1/1) D:4

Altars:
Cheibriados
Dithmenos
Fedhas
Gozag
Hepliaklqana
Kikubaaqudgha
Makhleb
Nemelex Xobeh
Okawaru
Ru
Sif Muna
Trog
Uskayaw
Vehumet
Wu Jian
The Shining One


Innate Abilities, Weirdness & Mutations

You are a hulking beast.
Your limbs bulge with bestial killing power. (Slay +2)
You cannot wear most types of armour.
You are amphibious.
You can wear up to eight rings at the same time.
Your skin changes colour to match your surroundings (Stealth+).
Your rubbery body absorbs attacks. (AC +1, EV +1)
((You are camouflaged when in or above water. (Stealth+)))
You have tentacles for arms and can constrict up to eight enemies at once.


Message History

Something hits you.
You closely miss the orc. You grab the orc.
The orc is heavily wounded.
You constrict the orc. x2
You kill the orc!
The orc hits you with a +0 club.
You hear some strange, mumbled words.
A magic dart appears from out of thin air!
The magic dart hits you.
You tentacle-slap the orc.
You kill the orc!
Something hits you.
You closely miss something. Something hits you but does no damage.
You closely miss something. You squeeze something! Something hits you.
You closely miss something. Your squeeze misses something.
You tentacle-slap something but do no damage.
Something hits you. The hobgoblin closely misses you.
You tentacle-slap the hobgoblin. Your grab misses the hobgoblin.
The hobgoblin is moderately wounded.
Something hits you. The hobgoblin closely misses you.
You barely miss something. Your squeeze misses something. Something hits you.
The hobgoblin hits you.
* * * LOW HITPOINT WARNING * * *
You barely miss something. Something hits you.
* * * LOW HITPOINT WARNING * * *
The hobgoblin barely misses you.
You tentacle-slap the hobgoblin but do no damage.
Your grab misses the hobgoblin. You tentacle-slap the hobgoblin.
The hobgoblin is severely wounded.
Something hits you.
* * * LOW HITPOINT WARNING * * *
The hobgoblin completely misses you.
Unknown command.
You closely miss the hobgoblin. Your grab misses the hobgoblin.
The hobgoblin is severely wounded.
Something hits you.
* * * LOW HITPOINT WARNING * * *
Unknown command.
The hobgoblin closely misses you. Something hits you.
You die...

##^... ##.. #.... ..## ##. ######
##..........####
##....###..............#
#.....................).
##.......................
#........................
#.......)g...............
########......{h................
##..............)................
..............†.....###.......#..
....................####...#####.
.....................# ##### ##
......###............# # .....##
#............# . .....
##...........# . .....
#...........#


You could see a hobgoblin.

Vanquished Creatures
  A scorpion (D:4)
  3 gnolls (D:3)
  9 adders
  A ribbon worm (D:2)
  3 dart slugs
  4 orcs
  4 endoplasms
  5 giant cockroaches
  10 goblins
  5 hobgoblins
  2 jackals (D:2)
  2 quokkas (D:1)
  4 ball pythons
  5 bats
  6 frilled lizards
  7 kobolds
  4 rats
75 creatures vanquished.

Notes
Turn   | Place    | Note
-------+----------+-------------------------------------------
     0 | D:1      | LeprechaunX the Octopode Shapeshifter began the quest for
                  | the Orb.
     0 | D:1      | Reached XP level 1. HP: 13/13 MP: 1/1
   249 | D:1      | Reached XP level 2. HP: 18/18 MP: 2/2
   321 | D:1      | Found a faded altar of an unknown god.
   907 | D:2      | Reached XP level 3. HP: 17/23 MP: 3/3
  1384 | D:2      | Reached XP level 4. HP: 27/29 MP: 4/4
  2099 | D:3      | Found a faded altar of an unknown god.
  2105 | D:3      | Found a sacrificial altar of Ru.
  2156 | D:3      | Reached skill level 4 in Shapeshifting
  2201 | D:3      | Reached XP level 5. HP: 28/34 MP: 5/5
  2714 | D:4      | Found a staircase to the Ecumenical Temple.
  2736 | Temple   | Entered the Ecumenical Temple
  2759 | Temple   | Became a worshipper of Hepliaklqana the Forgotten
  2854 | D:4      | Reached XP level 6. HP: 34/41 MP: 6/6
  2897 | D:4      | Slain by an orc wizard

Illustrated notes

Levels and vault maps discovered:
D:1:      heliophobic_arrival_glass_houses, layout_basic, serial_corexii_hall,
          corexii_hall_statues_l, corexii_hall_statues_x,
          shapermc_ecumenical_altar_mp_highgroup
D:2:      layout_basic
D:3:      layout_basic, nicolae_overflow_ecumenical_swirl
D:4:      layout_cave_pods, temple_fountains
Temple:   bh_familiar_temple

Skill      XL: |  1  2  3  4  5 |
---------------+----------------+-----
Fighting       | 2 |  2.7
Shapeshifting  | 4 |  4.5
Dodging        | 3 |  3.1
Unarmed Combat | |  3.9

Action                     |  1- 3 |  4- 6 || total
---------------------------+-------+-------++-------
  Melee: Unarmed           |    59 |    95 ||   154
         Constrict         |    13 |    19 ||    32
         Tentacles         |    10 |    22 ||    32
         Punch             |     3 |     1 ||     4
   Fire: Sling             |       |     2 ||     2
   Stab: Sleeping          |     6 |     6 ||    12
         Distracted        |       |     1 ||     1
 Armour: Skin              |    22 |    43 ||    65
  Dodge: Dodged            |    23 |    43 ||    66

Table legend: (Time is in decaauts)
 A = Elapsed time spent in this place.
 B = Non-inter-level travel time spent in this place.
 C = Inter-level travel time spent in this place.
 D = Time resting spent in this place.
 E = Time spent auto-exploring this place.
 F = Levels seen in this place.
 G = Mean time per level.
                   A        B        C        D        E       F      G
               +--------+--------+--------+--------+--------+-----+--------+
         Total |   2885 |   2633 |    252 |      0 |   2138 |   5 |  577.0 |
       Dungeon |   2803 |   2631 |    172 |      0 |   2138 |   4 |  700.8 |
        Temple |     82 |      2 |     80 |      0 |      0 |   1 |   82.0 |
               +--------+--------+--------+--------+--------+-----+--------+

Top non-repeatable levels by time:
     D:2: 992 daAuts
     D:1: 878 daAuts
     D:3: 774 daAuts
     D:4: 157 daAuts
  Temple: 82 daAuts
